 Dungeon Crawl Stone Soup version 0.21.1-1-g345015f (webtiles) character file.

1899 inc the Transmogrifier (level 8, -10/35 HPs)
             Began as a Felid Transmuter on Mar 6, 2018.
             Was a Follower of Ru.
             Impaled on a porcupine's spines (13 damage)
             ... on level 8 of the Dungeon.
             The game lasted 00:38:36 (12018 turns).

inc the Transmogrifier (Felid Transmuter)          Turns: 12018, Time: 00:38:37

Health: -10/35     AC:  2    Str:  6    XL:     8   Next: 93%
Magic:  0/20       EV: 30    Int: 17    God:    Ru [*.....]
Gold:   346        SH:  0    Dex: 21    Spells: 9/21 levels left
                                        Lives:  0   Deaths: 2

rFire    . . .     SeeInvis +     - Unarmed
rCold    . . .     Gourm    .   (shield unavailable)
rNeg     + . .     Faith    .   (armour unavailable)
rPois    +         Spirit   +   (helmet unavailable)
rElec    .         Reflect  .   (cloak unavailable)
rCorr    .         Harm     .   (gloves unavailable)
MR       ++...                  (boots unavailable)
Stlth    +.........             j - amulet of guardian spirit
HPRegen  0.11/turn              B - ring of positive energy (curse)
MPRegen  0.17/turn              s - ring of Qaupsob {*Slow rPois MR+ EV+3 Dex+4}

@: blade paws, quick
A: very small, no armour, no weapons or thrown items, stealth, claws 1, fangs 3,
see invisible, carnivore, speed 1, poison resistance, robust 1, shaggy fur 2,
slow metabolism 1, hated by all
a: End Transformation, Renounce Religion


You were on level 8 of the Dungeon.
You worshipped Ru.
Ru was aware of your devotion.
You were not hungry.
You had blades for front paws.
You visited 2 branches of the dungeon, and saw 10 of its levels.
You also visited: Sewer.

You collected 346 gold pieces.

Inventory:

Missiles
 a - 106 arrows
Jewellery
 j - an amulet of guardian spirit (around neck)
 q - an uncursed ring of ice
 s - the ring of Qaupsob (right scythe-like blade) {*Slow rPois MR+ EV+3 Dex+4}
   (You took it off a centaur on level 5 of the Dungeon)

   [ring of evasion]

   It affects your evasion (+3).
   It affects your dexterity (+4).
   It protects you from poison.
   It affects your resistance to hostile enchantments.
   It may slow you when you take damage.
 u - an uncursed ring of flight
 v - an uncursed ring of protection from cold
 B - a cursed ring of positive energy (left scythe-like blade)
Wands
 x - a wand of disintegration (13)
Scrolls
 f - 2 scrolls of magic mapping
 h - 2 scrolls of fear
 i - a scroll of random uselessness
 k - 3 scrolls of teleportation
 l - 3 scrolls of fog
 m - 5 scrolls of remove curse
 r - a scroll of enchant armour
 w - a scroll of identify
Potions
 d - 3 potions of flight
 g - a potion of mutation
 n - a potion of haste
 p - 2 potions of cancellation
 t - a potion of invisibility
 z - a potion of might
 A - a potion of agility
Books
 b - a book of Changes

   Spells                             Type                      Level
   a - Beastly Appendage              Transmutation                1
   b - Sticks to Snakes               Transmutation                2
   c - Spider Form                    Transmutation/Poison         3
   d - Ice Form                       Ice/Transmutation            4
   e - Blade Hands                    Transmutation                5
 e - a book of Conjurations

   Spells                             Type                      Level
   a - Magic Dart                     Conjuration                  1
   b - Searing Ray                    Conjuration                  2
   c - Dazzling Spray                 Conjuration/Hexes            3
   d - Fulminant Prism                Conjuration/Hexes            4
   e - Force Lance                    Conjuration/Translocation    4
   f - Iskenderun's Mystic Blast      Conjuration                  4
 o - a book of Misfortune

   Spells                             Type                      Level
   a - Confusing Touch                Hexes                        1
   b - Confuse                        Hexes                        3
   c - Gell's Gravitas                Translocation                3
   d - Petrify                        Transmutation/Earth          4
   e - Metabolic Englaciation         Hexes/Ice                    5
   f - Yara's Violent Unravelling     Hexes/Transmutation          5
 y - a book of Battle

   Spells                             Type                      Level
   a - Infusion                       Charms                       1
   b - Shroud of Golubria             Charms/Translocation         2
   c - Song of Slaying                Charms                       2
   d - Spectral Weapon                Hexes/Charms                 3
   e - Regeneration                   Charms/Necromancy            3
 C - a book of Frost

   Spells                             Type                      Level
   a - Freeze                         Ice                          1
   b - Throw Frost                    Conjuration/Ice              2
   c - Ozocubu's Armour               Charms/Ice                   3
   d - Throw Icicle                   Conjuration/Ice              4
   e - Summon Ice Beast               Ice/Summoning                4
Comestibles
 c - 17 rations


   Skills:
 - Level 1.0 Fighting
 + Level 9.5 Dodging
 - Level 6.5 Unarmed Combat
 - Level 7.3 Spellcasting
 - Level 9.6 Transmutations


You had 9 spell levels left.
You knew the following spells:

 Your Spells              Type           Power        Failure   Level  Hunger
a - Beastly Appendage     Tmut           #####.       9%          1    None
b - Sticks to Snakes      Tmut           #####...     10%         2    None
c - Spider Form           Tmut/Pois      ###.......   32%         3    ##.....
d - Confusing Touch       Hex            #.....       47%         1    None
e - Blade Hands           Tmut           #####.....   36%         5    #####..


Dungeon Overview and Level Annotations

Branches:
Dungeon (9/15)             Temple (1/1) D:6             Orc (0/2) D:9
   Lair: D:8-11

Altars:
Ashenzari
Cheibriados
Dithmenos
Elyvilon
Fedhas
Gozag
Hepliaklqana
Kikubaaqudgha
Makhleb
Nemelex Xobeh
Okawaru
Qazlal
Ru
Sif Muna
Trog
Uskayaw
Vehumet
Wu Jian
Xom
Yredelemnul
Zin
The Shining One

Shops:
D:7 %


Innate Abilities, Weirdness & Mutations

You cannot wear armour.
You are incapable of wielding weapons or throwing items.
Your paws allow you to move quietly. (Stealth)
You have sharp claws.
You have razor-sharp teeth.
You have supernaturally acute eyesight. (SInv)
You are carnivorous and can eat meat at any time.
You cover ground quickly.
You are covered in thick fur. (AC +2)
You have a slow metabolism.
You are hated by all.
((Your sharp claws are effective at attacking unaware monsters.))
Your system is resistant to poisons. (rPois)
You are robust. (+10% HP)


Message History

Your surroundings suddenly seem different.
You start resting.
Magic restored.
You start resting.
There is a stone staircase leading up here.
Casting: Blade Hands
Confirm with . or Enter, or press ? or * to list all spells.
Your front paws turn into razor-sharp scythe blades.
The porcupine closely misses you.
You are struck by the porcupine's spines.
You slash the porcupine! Your bite misses the porcupine.
The porcupine is heavily wounded.
The porcupine bites you!
You are too injured to fight recklessly!
You barely miss the porcupine.
The porcupine is heavily wounded.
The porcupine bites you!
* * * LOW HITPOINT WARNING * * *
You are struck by the porcupine's spines.
You die...

####...#.......####
>........####.##
#....##### ##.#
..##.#######..####
.................##
.###..............##
## ##..............#
#...........r..#
#.........[.@..#
#####..............#
......(............#
######............##
##..........##
#.......####
##.....## ##.....##
#.......#


You could see a porcupine.

Vanquished Creatures
  2 yaks (D:9)
  A wyvern (D:8)
  A basilisk (D:9)
  2 porcupines (D:9)
  A sky beast (D:8)
  2 ogres
  An eye of draining (D:8)
  2 centaurs
  2 crocodiles (D:9)
  4 big kobolds
  4 bullfrogs
  2 scorpions
  A troll zombie (D:7)
  4 wights
  2 howler monkeys
  3 crimson imps
  A centaur zombie (D:8)
  A bullfrog zombie (D:9)
  6 orc priests
  A quasit (D:7)
  A bullfrog skeleton (D:4)
  A hound (D:3)
  6 human zombies (D:7)
  2 human skeletons (D:7)
  2 iguanas
  5 orc wizards
  9 worker ants
  A mummy (D:7)
  A hound skeleton (D:7)
  2 gnolls (D:9)
  19 adders
  2 shadow imps
  3 oozes
  An adder zombie (D:5)
  An adder skeleton (D:5)
  9 worms
  5 dart slugs
  5 leopard geckos
  27 orcs
  6 ball pythons
  13 bats
  9 giant cockroaches
  7 goblins
  9 hobgoblins
  5 jackals
  A quokka (D:4)
  7 frilled lizards
  16 kobolds
  A leopard gecko skeleton (D:5)
  A leopard gecko zombie (D:5)
  An orc zombie (D:7)
  A quokka skeleton (D:4)
  14 rats
236 creatures vanquished.

Vanquished Creatures (collateral kills)
  A hippogriff (D:7)
  An ice beast (D:7)
  An ogre (D:7)
  3 killer bees (D:7)
  An iguana (D:4)
  2 adders (Sewer)
9 creatures vanquished.

Vanquished Creatures (others)
  3 fungi (D:9)
  8 plants (D:9)
11 creatures vanquished.

Grand Total: 256 creatures vanquished

Notes
Turn   | Place    | Note
-------+----------+-------------------------------------------
     0 | D:1      | inc the Felid Transmuter began the quest for the Orb.
     0 | D:1      | Reached XP level 1. HP: 9/9 MP: 4/4
   311 | D:1      | Reached XP level 2. HP: 12/12 MP: 6/6
  1021 | D:1      | Reached XP level 3. HP: 15/15 MP: 7/7
  1677 | D:2      | Found a white marble altar of Elyvilon.
  1728 | D:2      | Reached XP level 4. HP: 19/19 MP: 6/8
  1819 | D:2      | Reached skill level 5 in Unarmed Combat
  2958 | D:3      | Found a basalt altar of Yredelemnul.
  3250 | D:3      | Reached XP level 5. HP: 22/22 MP: 6/9
  3547 | D:3      | Found a glowing drain.
  3552 | Sewer    | Entered a sewer
  3565 | Sewer    | Learned a level 2 spell: Sticks to Snakes
  4144 | Sewer    | Gained mutation: You are covered in thick fur. (AC +2) [Felid growth]
  4144 | Sewer    | Reached XP level 6. HP: 8/25 MP: 2/10
  4382 | Sewer    | Learned a level 3 spell: Spider Form
  4752 | Sewer    | Reached skill level 5 in Transmutations
  5028 | D:3      | Reached XP level 7. HP: 16/28 MP: 2/11
  5031 | D:3      | Learned a level 1 spell: Confusing Touch
  5337 | D:4      | Found a blossoming altar of Fedhas.
  6656 | D:5      | Entered Level 5 of the Dungeon
  6784 | D:5      | HP: 1/28 [orc wizard/magic dart (8)]
  7382 | D:5      | Got a smoking amber ring
  7679 | D:5      | Found a shattered altar of Ashenzari.
  7684 | D:5      | Identified the ring of Qaupsob {*Slow rPois MR+ EV+3 Dex+4} (You took it off a centaur on level 5 of the Dungeon)
  7710 | D:5      | Reached XP level 8. HP: 31/32 MP: 12/12
  7719 | D:5      | Found a glowing golden altar of the Shining One.
  8145 | D:5      | Gained mutation: You are robust. (+10% HP) [potion of mutation]
  8145 | D:5      | Gained mutation: Your system is resistant to poisons. (rPois) [potion of mutation]
  8171 | D:6      | Found a staircase to the Ecumenical Temple.
  8185 | Temple   | Entered the Ecumenical Temple
  8283 | Temple   | Became a worshipper of Ru the Awakened
  8759 | D:6      | Found a bloodstained altar of Trog.
  9506 | D:7      | Found Iplonidde's Food Boutique.
  9585 | D:7      | Noticed a hippogriff
  9596 | D:7      | Learned a level 5 spell: Blade Hands
  9638 | D:7      | Killed a hippogriff
  9683 | D:7      | Slain by a troll zombie
  9684 | D:7      | Reached XP level 7. HP: -1/30 MP: 0/15
  9827 | D:7      | Reached skill level 5 in Spellcasting
  9827 | D:7      | Reached XP level 8. HP: 24/35 MP: 7/16
 10276 | D:7      | Found an ancient bone altar of Kikubaaqudgha.
 10452 | D:7      | Gained mutation: You are hated by all. [Ru sacrifice]
 10452 | D:7      | Reached * piety under Ru
 11028 | D:8      | Found an opulent altar of Gozag.
 11332 | D:8      | Reached XP level 9. HP: 38/38 MP: 15/21
 11428 | D:8      | Found a deep blue altar of Sif Muna.
 11489 | D:8      | Reached skill level 5 in Dodging
 11607 | D:9      | Found a staircase to the Orcish Mines.
 11635 | D:9      | Noticed a gargoyle
 11730 | D:9      | Noticed a troll
 11746 | D:9      | Mangled by a yak
 11747 | D:9      | Reached XP level 8. HP: -9/35 MP: 0/20
 12018 | D:8      | Impaled on a porcupine's spines

Skill      XL: |  1  2  3  4  5  6  7  8  9 |
---------------+----------------------------+-----
Unarmed Combat | 4 5 6 |  6.5
Transmutations | 5 8 9 |  9.6
Spellcasting   | 5 7 |  7.3
Dodging        | 9 8 |  9.5
Fighting       | |  1.0

Action                   |  1- 3 |  4- 6 |  7- 9 || total
-------------------------+-------+-------+-------++-------
Melee: Unarmed           |   139 |   227 |   607 ||   973
       Bite              |     8 |    13 |    60 ||    81
       Headbutt          |     4 |    18 |    26 ||    48
       Punch             |     1 |     2 |    14 ||    17
 Cast: Beastly Appendage |     4 |    20 |    20 ||    44
       Sticks to Snakes  |       |     9 |    12 ||    21
       Blade Hands       |       |       |    16 ||    16
       Confusing Touch   |       |       |     5 ||     5
       Spider Form       |       |       |     4 ||     4
Invok: Sacrifice Love    |       |       |     1 ||     1
  Use: Potion            |       |    10 |     5 ||    15
       Scroll            |       |     4 |    12 ||    16
 Stab: Sleeping          |     3 |     5 |     7 ||    15
       Confused          |       |       |     6 ||     6
       Distracted        |       |       |     2 ||     2
  Eat: Chunk             |     4 |     8 |    20 ||    32
Armor: Skin              |     7 |    27 |    27 ||    61
Dodge: Dodged            |   128 |   136 |   499 ||   763
